 Dungeon Crawl Stone Soup version 0.20.0-1-g1cb1d84 (webtiles) character file.

2586 shitimlost the Carver (level 9, -1/72 HPs)
             Began as a Barachi Fighter on May 26, 2017.
             Was an Elder of Uskayaw.
             Slain by a wyvern (9 damage)
             ... on level 8 of the Dungeon.
             The game lasted 00:19:26 (10771 turns).

shitimlost the Carver (Barachi Fighter)            Turns: 10771, Time: 00:19:27

Health: -1/72      AC:  8    Str: 19    XL:     9   Next: 58%
Magic:  6/9        EV:  9    Int: 10    God:    Uskayaw [****..]
Gold:   370        SH: 10    Dex: 12    Spells: 8/8 levels left

rFire    . . .     SeeInvis .   a - +1 long sword
rCold    . . .     Gourm    .   c - +0 shield
rNeg     + . .     Faith    .   b - +1 scale mail
rPois    .         Spirit   .   (no helmet)
rElec    .         Reflect  .   (no cloak)
rCorr    .         Harm     .   (no gloves)
MR       .....                  (no boots)
Stlth    ..........             (no amulet)
Regen    0.3/turn               t - ring of positive energy
MPRegen  0.2/turn               (no ring)

@: slow
A: +LOS, swims, slowness 1, strong legs 1
a: Hop, Stomp, Line Pass, Renounce Religion


You were on level 8 of the Dungeon.
You worshipped Uskayaw.
Uskayaw was noncommittal.
You were very hungry.

You visited 1 branch of the dungeon, and saw 8 of its levels.
You also visited: Ossuary.

You collected 370 gold pieces.

Inventory:

Hand Weapons
 a - a +1 long sword (weapon)
 q - a cursed -3 spear
 A - a +0 hunting sling
 B - a +1 dagger of freezing
Missiles
 r - a throwing net (quivered)
 w - 38 sling bullets
Armour
 b - a +1 scale mail (worn)
 c - a +0 shield (worn)
 m - a -1 helmet
Magical Staves
 y - an uncursed staff of conjuration
Jewellery
 t - a ring of positive energy (left hand)
Scrolls
 e - 2 scrolls of teleportation
 i - 4 scrolls of magic mapping
 j - 3 scrolls of recharging
 k - 3 scrolls of enchant armour
 v - a scroll of remove curse
 x - 2 scrolls of identify
Potions
 h - 2 potions of ambrosia
 l - a potion of might
 n - a potion of flight {unknown}
 s - 3 potions of cancellation {unknown}
 u - 2 potions of berserk rage {unknown}
Books
 p - a book of Necromancy

   Spells                             Type                      Level
   a - Pain                           Necromancy                   1
   b - Animate Skeleton               Necromancy                   1
   c - Vampiric Draining              Necromancy                   3
   d - Regeneration                   Charms/Necromancy            3
   e - Animate Dead                   Necromancy                   4
   f - Control Undead                 Necromancy                   4
Comestibles
 f - 10 bread rations
 g - 4 meat rations


   Skills:
 + Level 7.2 Fighting
 + Level 10.4 Long Blades
 + Level 0.6 Throwing
 - Level 7.0 Armour
 - Level 3.0 Dodging
 - Level 1.5 Stealth
 - Level 6.1 Shields


You had 8 spell levels left.
You didn't know any spells.

Dungeon Overview and Level Annotations

Branches:
Dungeon (8/15)             Temple (0/1) D:7
   Lair: D:8-11

Altars:
Uskayaw
Vehumet

Annotations:
D:6 HeyBub's ghost, novice MiMo


Innate Abilities, Weirdness & Mutations

Shadows flee at your approach. (+LOS)
You can swim through water.
You cover ground slowly.
You can hop short distances.


Message History

You are feeling very hungry.
The wyvern bites you!
* * * LOW HITPOINT WARNING * * *
The wyvern bites you but does no damage.
You stomp with the beat, sending a shockwave through the revelers around you!
The wyvern is heavily wounded.
You feel somewhat more hungry.
You can no longer merge with and destroy a victim.
The wyvern bites you.
* * * LOW HITPOINT WARNING * * *
You block the wyvern's attack.
Uskayaw prepares the audience for your solo!
The helpless wyvern fails to defend itself.
You hit the wyvern but do no damage.
The wyvern is heavily wounded.
The wyvern is no longer paralysed.
You block the wyvern's attack.
You feel better. The wyvern bites you!
* * * LOW HITPOINT WARNING * * *
The wyvern bites you!
You die...

# .# #.# ###.#
##)#.#
...########.#.#
........@l....#
##.########.#......
#.##########
#..........#
##########.# #.#
#.# #.# #.#


You could see a wyvern.

Vanquished Creatures
  Grinder (D:5)
  A hippogriff (D:8)
  Eustachio (D:4)
  A water moccasin (D:5)
  A sky beast (D:4)
  A centaur (D:7)
  3 ogres
  A bullfrog (D:6)
  A water moccasin zombie (Ossuary)
  2 scorpions
  2 howler monkeys (D:7)
  2 crimson imps
  A bullfrog zombie (D:5)
  3 hounds
  A gnoll shaman (D:7)
  2 orc priests
  3 bullfrog skeletons
  6 orc wizards
  A centaur skeleton (D:7)
  2 iguanas
  Natasha (twice) (D:3 D:6)
  5 worker ants
  A big kobold zombie (Ossuary)
  3 mummies
  A worker ant zombie (D:7)
  Robin (D:2)
  12 adders
  9 gnolls
  2 oozes
  4 adder zombies (Ossuary)
  A worm (D:4)
  A dart slug (D:2)
  4 leopard geckos
  16 orcs
  A ball python (D:2)
  8 bats
  10 giant cockroaches
  2 gnoll zombies (Ossuary)
  11 hobgoblins
  8 jackals
  7 quokkas
  4 frilled lizards
  19 goblins
  11 hobgoblin zombies
  A jackal skeleton (D:4)
  5 kobolds
  5 kobold zombies
  A leopard gecko skeleton (D:4)
  6 orc zombies (Ossuary)
  10 rats
207 creatures vanquished.

Notes
Turn   | Place    | Note
-------+----------+-------------------------------------------
     0 | D:1      | shitimlost the Barachi Fighter began the quest for the Orb.
     0 | D:1      | Reached XP level 1. HP: 18/18 MP: 1/1
   149 | D:1      | Reached XP level 2. HP: 19/25 MP: 2/2
   750 | D:1      | Reached XP level 3. HP: 29/30 MP: 3/3
  1118 | D:2      | Reached skill level 3 in Long Blades
  1510 | D:2      | Noticed Robin
  1512 | D:2      | Reached XP level 4. HP: 31/37 MP: 4/4
  1531 | D:2      | Killed Robin
  1532 | D:2      | Reached skill level 1 in Dodging
  1606 | D:2      | You fall through a shaft for 2 floors!
  1769 | D:4      | Found a sand-covered staircase.
  1779 | Ossuary  | Entered an ossuary
  2386 | Ossuary  | Reached XP level 5. HP: 31/43 MP: 5/5
  2432 | Ossuary  | Reached skill level 4 in Long Blades
  3179 | Ossuary  | Reached XP level 6. HP: 6/49 MP: 6/6
  3182 | Ossuary  | Reached skill level 5 in Long Blades
  4336 | D:4      | Reached skill level 5 in Armour
  4765 | D:4      | Noticed a sky beast
  4806 | D:4      | Killed a sky beast
  4806 | D:4      | Reached XP level 7. HP: 37/55 MP: 7/7
  5616 | D:2      | Reached skill level 5 in Fighting
  5616 | D:2      | Reached skill level 6 in Long Blades
  5764 | D:2      | Found a hide-covered altar of Uskayaw.
  5765 | D:2      | Found a radiant altar of Vehumet.
  5779 | D:2      | Became a worshipper of Uskayaw the Reveler
  5978 | D:3      | Reached * piety under Uskayaw
  6107 | D:3      | Reached ** piety under Uskayaw
  6111 | D:3      | Reached *** piety under Uskayaw
  6117 | D:3      | Reached **** piety under Uskayaw
  6170 | D:3      | Noticed Natasha
  6184 | D:3      | Killed Natasha
  6714 | D:4      | Noticed Eustachio
  6759 | D:4      | Killed Eustachio
  6759 | D:4      | Reached skill level 7 in Long Blades
  6759 | D:4      | Reached XP level 8. HP: 30/63 MP: 8/8
  6934 | D:4      | Reached skill level 1 in Stealth
  7105 | D:5      | Entered Level 5 of the Dungeon
  7339 | D:5      | Reached skill level 5 in Shields
  8178 | D:5      | Noticed Grinder
  8204 | D:5      | Paralysed by Grinder for 5 turns
  8220 | D:5      | Killed Grinder
  8220 | D:5      | Reached skill level 8 in Long Blades
  8331 | D:6      | Noticed Natasha
  8339 | D:6      | Killed Natasha
  8674 | D:6      | Noticed HeyBub's ghost (novice MiMo)
  9185 | D:7      | Reached XP level 9. HP: 46/69 MP: 9/9
  9666 | D:7      | Reached skill level 9 in Long Blades
 10459 | D:7      | Reached skill level 10 in Long Blades
 10673 | D:7      | Found a staircase to the Ecumenical Temple.
 10767 | D:8      | Reached ***** piety under Uskayaw
 10771 | D:8      | Slain by a wyvern

Skill      XL: |  1  2  3  4  5  6  7  8  9 |
---------------+----------------------------+-----
Fighting       | 4 5 6 7 |  7.2
Long Blades    | 3 4 5 7 8 10 | 10.4
Armour         | 4 5 7 |  7.0
Dodging        | 1 2 3 |  3.0
Shields        | 4 6 |  6.1
Stealth        | 1 |  1.5
Throwing       | |  0.6

Action                   |  1- 3 |  4- 6 |  7- 9 || total
-------------------------+-------+-------+-------++-------
Melee: Long sword        |   129 |   246 |   600 ||   975
Throw: Throwing net      |       |       |     3 ||     3
Invok: Stomp             |       |       |     3 ||     3
 Abil: Hop               |       |     2 |       ||     2
  Use: Scroll            |       |     9 |     5 ||    14
       Potion            |       |     4 |     7 ||    11
 Stab: Paralysed         |       |       |    12 ||    12
       Held in net/web   |       |       |     3 ||     3
  Eat: Chunk             |     2 |     2 |     7 ||    11
       Meat ration       |       |     2 |     2 ||     4
       Royal jelly       |       |       |     2 ||     2
Armor: Scale mail        |    69 |   127 |   201 ||   397
Dodge: Dodged            |    46 |    93 |   178 ||   317
Block: Shield            |    64 |   128 |   305 ||   497
       Rpst.: Long sword |    15 |    29 |    57 ||   101
